TOP OF THE 1ST |
Southern California Trojans batting - Pitching for Butler Bulldogs : RHP Michael Knight
|
Pitching: RHP Michael Knight
|
|
Batting: RHB Ben Byrd
|
0-0: Ball 1-0: Foul Ball, location: 2F 1-1: Foul Ball, location: 2F 1-2: Fly out, F9 (Flyball, 9)
|
Batting: RHB Ben Martínez
|
0-0: Called Strike 0-1: Swinging Strike 0-2: Fly out, F3 (Popup, 3S)
|
Batting: LHB Kel Smith
|
0-0: Ball 1-0: Foul Ball, location: 2F 1-1: Called Strike 1-2: Ball 2-2: Ball 3-2: Base on Balls
|
Batting: RHB Mike Carter
|
0-0: Ball 1-0: Ball 2-0: Foul Ball, location: 2F 2-1: Ball 3-1: Swinging Strike 3-2: Strikes out swinging
|
Top of the 1st over - 0 run(s), 0 hit(s), 0 error(s), 1 left on base; Southern California 0 - Butler 0 |
BOTTOM OF THE 1ST |
Butler Bulldogs batting - Pitching for Southern California Trojans : RHP Mark Bailey
|
Pitching: RHP Mark Bailey
|
|
Batting: RHB Weldon Duke
|
0-0: Called Strike 0-1: Foul Ball, location: 2F 0-2: Strikes out swinging
|
Batting: LHB Arnold Bernard
|
0-0: Bunt missed! 0-1: Ball 1-1: SINGLE (Groundball, 56D)
|
Batting: LHB Alex Kelly
|
0-0: Foul Ball, location: 2F 0-1: Foul Ball, location: 2F 0-2: Ball 1-2: Strikes out swinging
|
Batting: LHB Víctor Piña
|
0-0: Ball 1-0: Ball 2-0: Swinging Strike 2-1: Foul Ball, location: 2F 2-2: SINGLE (Groundball, 34D) Arnold Bernard to second Runner from 2nd tries for 3rd, OUT!
|
Bottom of the 1st over - 0 run(s), 2 hit(s), 0 error(s), 1 left on base; Southern California 0 - Butler 0 |
TOP OF THE 2ND |
Southern California Trojans batting - Pitching for Butler Bulldogs : RHP Michael Knight
|
Batting: LHB Steve Herman
|
0-0: Called Strike 0-1: Called Strike 0-2: Foul Ball, location: 2F 0-2: Ball 1-2: Ball 2-2: Foul Ball, location: 2F 2-2: Strikes out looking
|
Batting: SHB Will O'Clerkin
|
0-0: Foul Ball, location: 2F 0-1: Foul Ball, location: 2F 0-2: Ball 1-2: Strikes out swinging
|
Batting: RHB Fletcher López
|
0-0: Ball 1-0: Ball 2-0: Ball 3-0: Base on Balls
|
Batting: RHB John Fergusson
|
0-0: Ball 1-0: Ball 2-0: Ball 3-0: Called Strike 3-1: Foul Ball, location: 2F 3-2: Base on Balls Fletcher López to second
|
Batting: LHB Gene Riddle
|
0-0: Called Strike 0-1: Called Strike 0-2: Strikes out swinging
|
Top of the 2nd over - 0 run(s), 0 hit(s), 0 error(s), 2 left on base; Southern California 0 - Butler 0 |
BOTTOM OF THE 2ND |
Butler Bulldogs batting - Pitching for Southern California Trojans : RHP Mark Bailey
|
Batting: RHB Howard Reed
|
0-0: SINGLE (Groundball, 56D)
|
Batting: SHB Kel Davis
|
0-0: Ball 1-0: Foul Ball, location: 2F 1-1: Ball 2-1: Foul Ball, location: 2F 2-2: Ball 3-2: Ground out U3 (Groundball, 34) Howard Reed to second
|
Batting: RHB Foster Love
|
0-0: Called Strike 0-1: Ball 1-1: SINGLE (Groundball, 34D) Howard Reed to third Runner from 3rd tries for Home, SAFE, throw made home
|
Batting: RHB Daniel Bennett
|
0-0: Grounds into double play, 6-4-3 (Groundball, 6)
|
Bottom of the 2nd over - 1 run(s), 2 hit(s), 0 error(s), 0 left on base; Southern California 0 - Butler 1 |
TOP OF THE 3RD |
Southern California Trojans batting - Pitching for Butler Bulldogs : RHP Michael Knight
|
Batting: RHB Ben Byrd
|
0-0: Ground out 5-3 (Groundball, 56S)
|
Batting: RHB Ben Martínez
|
0-0: Fly out, F9 (Flyball, 9S)
|
Batting: LHB Kel Smith
|
0-0: Ball 1-0: Swinging Strike 1-1: Swinging Strike 1-2: Ball 2-2: Fly out, F7 (Flyball, 7)
|
Top of the 3rd over - 0 run(s), 0 hit(s), 0 error(s), 0 left on base; Southern California 0 - Butler 1 |
BOTTOM OF THE 3RD |
Butler Bulldogs batting - Pitching for Southern California Trojans : RHP Mark Bailey
|
Batting: SHB Larry Walters
|
0-0: Hit by Pitch
|
Batting: RHB Weldon Duke
|
0-0: Ball 1-0: Ball 2-0: Fly out, F8 (Flyball, 8RS)
|
Batting: LHB Arnold Bernard
|
0-0: Ball 1-0: Fly out, F7 (Line Drive, 78M)
|
Batting: LHB Alex Kelly
|
0-0: Foul Ball, location: 2F 0-1: Fielders Choice at 2nd, 5-4 (Groundball, 56)
|
Bottom of the 3rd over - 0 run(s), 0 hit(s), 0 error(s), 0 left on base; Southern California 0 - Butler 1 |
TOP OF THE 4TH |
Southern California Trojans batting - Pitching for Butler Bulldogs : RHP Michael Knight
|
Batting: RHB Mike Carter
|
0-0: Called Strike 0-1: Ball 1-1: Ball 2-1: Ball 3-1: Base on Balls
|
Batting: LHB Steve Herman
|
0-0: Foul Ball, location: 2F 0-1: Ball 1-1: Foul Ball, location: 2F 1-2: Ball 2-2: Strikes out looking
|
Batting: SHB Will O'Clerkin
|
0-0: Fly out, F8 (Flyball, 8RS)
|
Batting: RHB Fletcher López
|
0-0: Ground out 4-3 (Groundball, 34)
|
Top of the 4th over - 0 run(s), 0 hit(s), 0 error(s), 1 left on base; Southern California 0 - Butler 1 |
BOTTOM OF THE 4TH |
Butler Bulldogs batting - Pitching for Southern California Trojans : RHP Mark Bailey
|
Batting: LHB Víctor Piña
|
0-0: Ball 1-0: Ball 2-0: Ball 3-0: Called Strike 3-1: Foul Ball, location: 2F 3-2: Base on Balls
|
Batting: RHB Howard Reed
|
0-0: Called Strike 0-1: Ball 1-1: Foul Ball, location: 2F 1-2: Grounds into double play, 5-4-3 (Groundball, 56)
|
Batting: SHB Kel Davis
|
0-0: Ball 1-0: Fly out, F7 (Flyball, 78S)
|
Bottom of the 4th over - 0 run(s), 0 hit(s), 0 error(s), 0 left on base; Southern California 0 - Butler 1 |
TOP OF THE 5TH |
Southern California Trojans batting - Pitching for Butler Bulldogs : RHP Michael Knight
|
Batting: RHB John Fergusson
|
0-0: Swinging Strike 0-1: Ball 1-1: Ground out 5-3 (Groundball, 5L)
|
Batting: LHB Gene Riddle
|
0-0: Ball 1-0: Ball 2-0: Ball 3-0: Called Strike 3-1: Base on Balls
|
Batting: RHB Ben Byrd
|
0-0: Ball 1-0: Ball 2-0: Fly out, F8 (Flyball, 78M)
|
Batting: RHB Ben Martínez
|
0-0: Ball 1-0: Swinging Strike 1-1: Ball 2-1: Foul Ball, location: 2F 2-2: Strikes out swinging
|
Top of the 5th over - 0 run(s), 0 hit(s), 0 error(s), 1 left on base; Southern California 0 - Butler 1 |
BOTTOM OF THE 5TH |
Butler Bulldogs batting - Pitching for Southern California Trojans : RHP Mark Bailey
|
Batting: RHB Foster Love
|
0-0: Ball 1-0: Called Strike 1-1: SINGLE (Line Drive, 7S)
|
Batting: RHB Daniel Bennett
|
0-0: Called Strike 0-1: Swinging Strike 0-2: Ball 1-2: Ball 2-2: Ball 3-2: Strikes out looking
|
Batting: SHB Larry Walters
|
0-0: Called Strike 0-1: Called Strike 0-2: Ball 1-2: Ball 2-2: Strikes out swinging
|
Batting: RHB Weldon Duke
|
0-0: Foul Ball, location: 2F 0-1: Foul Ball, location: 2F 0-2: Strikes out swinging
|
Bottom of the 5th over - 0 run(s), 1 hit(s), 0 error(s), 1 left on base; Southern California 0 - Butler 1 |
TOP OF THE 6TH |
Southern California Trojans batting - Pitching for Butler Bulldogs : RHP Michael Knight
|
Batting: LHB Kel Smith
|
0-0: Foul Ball, location: 2F 0-1: Called Strike 0-2: Ground out U3 (Groundball, 3)
|
Batting: RHB Mike Carter
|
0-0: Called Strike 0-1: Ball 1-1: Called Strike 1-2: Ball 2-2: Strikes out swinging
|
Batting: LHB Steve Herman
|
0-0: Called Strike 0-1: Ball 1-1: Foul Ball, location: 2F 1-2: Foul Ball, location: 2F 1-2: Ball 2-2: Ball 3-2: Fly out, F7 (Flyball, 7)
|
Top of the 6th over - 0 run(s), 0 hit(s), 0 error(s), 0 left on base; Southern California 0 - Butler 1 |
BOTTOM OF THE 6TH |
Butler Bulldogs batting - Pitching for Southern California Trojans : RHP Mark Bailey
|
Batting: LHB Arnold Bernard
|
0-0: Foul Ball, location: 2F 0-1: Fly out, F7 (Flyball, 7S)
|
Batting: LHB Alex Kelly
|
0-0: Foul Ball, location: 2F 0-1: Fly out, F6 (Line Drive, 6)
|
Batting: LHB Víctor Piña
|
0-0: Ball 1-0: Called Strike 1-1: Foul Ball, location: 2F 1-2: Foul Ball, location: 2F 1-2: Foul Ball, location: 2F 1-2: Hit by Pitch
|
Batting: RHB Howard Reed
|
0-0: Ball 1-0: Called Strike 1-1: Foul Ball, location: 2F 1-2: Fly out, F8 (Flyball, 8RXD)
|
Bottom of the 6th over - 0 run(s), 0 hit(s), 0 error(s), 1 left on base; Southern California 0 - Butler 1 |
TOP OF THE 7TH |
Southern California Trojans batting - Pitching for Butler Bulldogs : RHP Michael Knight
|
Batting: SHB Will O'Clerkin
|
0-0: Ground out 4-3 (Groundball, 4)
|
Batting: RHB Fletcher López
|
0-0: Ball 1-0: Ball 2-0: Ball 3-0: Base on Balls
|
Pitching: LHP Iván Rangel
|
|
Batting: RHB John Fergusson
|
0-0: Ball 1-0: Swinging Strike 1-1: Swinging Strike 1-2: Strikes out swinging
|
Pinch Hitting: RHB Max MacKieson
|
0-0: Foul Ball, location: 2F 0-1: Swinging Strike 0-2: Fly out, F5 (Line Drive, 56)
|
Top of the 7th over - 0 run(s), 0 hit(s), 0 error(s), 1 left on base; Southern California 0 - Butler 1 |
BOTTOM OF THE 7TH |
Butler Bulldogs batting - Pitching for Southern California Trojans : RHP Mark Bailey
|
Now at 1B: Eddy Davenport
|
|
Batting: SHB Kel Davis
|
0-0: Called Strike 0-1: Called Strike 0-2: Ball 1-2: Ball 2-2: SINGLE (Groundball, 3D)
|
Pitching: LHP Harry Arthur
|
|
Batting: RHB Foster Love
|
0-0: Foul Ball, location: 2F 0-1: SINGLE (Flyball, 89S) Kel Davis to second
|
Pinch Hitting: RHB Javier Águila
|
0-0: Fly out, F9 (Flyball, 89M)
|
Batting: SHB Larry Walters
|
0-0: Called Strike 0-1: Ball 1-1: Swinging Strike 1-2: Ball 2-2: Foul Ball, location: 2F 2-2: Strikes out looking
|
Batting: RHB Weldon Duke
|
0-0: Ball 1-0: Ball 2-0: Ball 3-0: Base on Balls Kel Davis to third Foster Love to second
|
Batting: LHB Arnold Bernard
|
0-0: Ball 1-0: Ball 2-0: Ball 3-0: Called Strike 3-1: Base on Balls Kel Davis scores Foster Love to third Weldon Duke to second
|
Batting: LHB Alex Kelly
|
0-0: Called Strike 0-1: Swinging Strike 0-2: Ball 1-2: Foul Ball, location: 2F 1-2: Foul Ball, location: 2F 1-2: Ball 2-2: Fly out, F7 (Flyball, 7)
|
Bottom of the 7th over - 1 run(s), 2 hit(s), 0 error(s), 3 left on base; Southern California 0 - Butler 2 |
TOP OF THE 8TH |
Southern California Trojans batting - Pitching for Butler Bulldogs : LHP Iván Rangel
|
Now at SS: Mark Oliver
|
|
Now in LF: Darryl Kirby
|
|
Batting: RHB Ben Byrd
|
0-0: Called Strike 0-1: Ball 1-1: Foul Ball, location: 2F 1-2: Ground out 5-3 (Groundball, 56)
|
Batting: RHB Ben Martínez
|
0-0: Called Strike 0-1: Ball 1-1: Called Strike 1-2: Ball 2-2: Ball 3-2: Base on Balls
|
Batting: LHB Kel Smith
|
0-0: Foul Ball, location: 2F 0-1: Ball 1-1: Ball 2-1: Foul Ball, location: 2F 2-2: Reached on error, E4 (Groundball, 4) Ben Martínez to second
|
Pitching: RHP Tom Moreno
|
|
Batting: RHB Mike Carter
|
0-0: Foul Ball, location: 2F 0-1: Swinging Strike 0-2: Ball 1-2: Strikes out swinging
|
Pitching: LHP Peyton Wilcox
|
|
Batting: LHB Steve Herman
|
0-0: Foul Ball, location: 2F 0-1: Ball 1-1: Swinging Strike 1-2: Ball 2-2: Ball 3-2: Foul Ball, location: 2F 3-2: Strikes out swinging
|
Top of the 8th over - 0 run(s), 0 hit(s), 1 error(s), 2 left on base; Southern California 0 - Butler 2 |
BOTTOM OF THE 8TH |
Butler Bulldogs batting - Pitching for Southern California Trojans : LHP Harry Arthur
|
Batting: LHB Víctor Piña
|
0-0: Ball 1-0: Ball 2-0: Swinging Strike 2-1: Foul Ball, location: 2F 2-2: Fly out, F7 (Flyball, 7D)
|
Batting: RHB Howard Reed
|
0-0: Ball 1-0: Ball 2-0: Ball 3-0: Called Strike 3-1: Base on Balls
|
Batting: SHB Kel Davis
|
0-0: Fly out, F8 (Line Drive, 78D)
|
Batting: RHB Foster Love
|
0-0: Ball 1-0: SINGLE (Line Drive, 34D) Howard Reed to second
|
Batting: RHB Mark Oliver
|
0-0: Called Strike 0-1: Ball 1-1: Ball 2-1: Foul Ball, location: 2F 2-2: Ball 3-2: Foul Ball, location: 2F 3-2: Ground out 6-3 (Groundball, 6M)
|
Bottom of the 8th over - 0 run(s), 1 hit(s), 0 error(s), 2 left on base; Southern California 0 - Butler 2 |
TOP OF THE 9TH |
Southern California Trojans batting - Pitching for Butler Bulldogs : LHP Peyton Wilcox
|
Pitching: RHP Cory Smith
|
|
Batting: SHB Will O'Clerkin
|
0-0: Ball 1-0: Ball 2-0: Called Strike 2-1: SINGLE (Groundball, 34S) (infield hit)
|
Batting: RHB Fletcher López
|
0-0: Ball 1-0: Foul Ball, location: 2F 1-1: Called Strike 1-2: Fly out, F8 (Flyball, 8LD)
|
Batting: RHB John Fergusson
|
0-0: Fly out, F8 (Flyball, 8LM)
|
Pinch Hitting: LHB Carl Hodge
|
0-0: Ball 1-0: Foul Ball, location: 2F 1-1: Called Strike 1-2: Strikes out swinging
|
Top of the 9th over - 0 run(s), 1 hit(s), 0 error(s), 1 left on base; Southern California 0 - Butler 2 |
|